 Dungeon Crawl Stone Soup version 0.29-a0-1019-g84f7d21838 (webtiles) character file.

Game seed: 10597712149918670043

9052 SnekMommy the Dealer of Despair (level 11, -5/88 HPs)
             Began as a Naga Necromancer on Aug 10, 2022.
             Was an Elder of Kikubaaqudgha.
             Slain by a death yak (14 damage)
             ... on level 10 of the Dungeon.
             The game lasted 00:22:30 (16180 turns).

SnekMommy the Dealer of Despair (Naga Necromancer) Turns: 16180, Time: 00:22:31

Health: -5/88      AC: 12    Str: 10    XL:     11   Next: 40%
Magic:  11/24      EV:  9    Int: 17    God:    Kikubaaqudgha [****..]
Gold:   536        SH: 11    Dex: 12    Spells: 10/29 levels left

rFire   + . .      SeeInvis +   M - +6 spear
rCold   . . .      Faith    .   t - +3 kite shield
rNeg    . . .      Spirit   .   b - +3 robe of the Black Moon {rElec rF+ rCorr}
rPois   +          Reflect  .   (no helmet)
rElec   +          Harm     .   l - +0 cloak
rCorr   +          Rampage  .   (no gloves)
Will    ++++.      Rage     50% (no barding)
Stlth   +++.......              R - necklace of Bloodlust {*Rage Will++ Int-3 Slay+6}
HPRegen 0.24/turn               k - +4 ring of protection
MPRegen 0.19/turn               G - ring of willpower

@: death channelling, on berserk cooldown, hasted, quick
A: AC +3, large, see invisible, deformed body, poison resistance, slowness 2,
spit poison 1, naga tail 1
a: Spit Poison, Renounce Religion, Unearth Wretches


You were on level 10 of the Dungeon.
You worshipped Kikubaaqudgha.
Kikubaaqudgha was greatly pleased with you.
You visited 2 branches of the dungeon, and saw 11 of its levels.

You collected 536 gold pieces.

Inventory:

Hand Weapons
 a - a +0 halberd of pain
 M - a +6 spear (weapon)
Missiles
 K - 3 throwing nets
Armour
 b - the +3 robe of the Black Moon (worn) {rElec rF+ rCorr}
   (You found it on level 2 of the Dungeon)

   rF:        It protects you from fire.
   rElec:     It insulates you from electricity.
   rCorr:     It protects you from acid and corrosion.
 l - a +0 cloak (worn)
 t - a +3 kite shield (worn)
 I - +0 swamp dragon scales
Jewellery
 k - a +4 ring of protection (left hand)
 G - a ring of willpower (right hand)
 R - the necklace of Bloodlust (around neck) {*Rage Will++ Int-3 Slay+6}
   (You found it on level 9 of the Dungeon)

   [amulet of nothing]

   It extends the wearer's berserk rage when killing foes.
   Int:       It affects your intelligence (-3).
   Slay:      It affects your accuracy & damage with ranged weapons and melee
   (+6).
   *Rage:     It berserks you when you make melee attacks (+50% chance).
   Will:      It greatly increases your willpower.
Wands
 n - a wand of iceblast (9)
 r - a wand of digging (2)
 C - a wand of flame (15)
 O - a wand of mindburst (12)
 Q - a wand of light (6)
Scrolls
 c - 4 scrolls of vulnerability
 m - a scroll of magic mapping {unknown}
 o - 3 scrolls of immolation
 p - a scroll of summoning {unknown}
 u - a scroll of brand weapon {unknown}
 v - 2 scrolls of enchant armour
 w - 4 scrolls of poison
 x - 2 scrolls of amnesia
 y - 2 scrolls of blinking {unknown}
 D - 2 scrolls of silence {unknown}
 F - 2 scrolls of teleportation {unknown}
 J - a scroll of fog {unknown}
 P - 3 scrolls of enchant weapon {unknown}
Potions
 d - 5 potions of ambrosia {unknown}
 e - 5 potions of curing
 f - 3 potions of heal wounds {unknown}
 h - a potion of resistance {unknown}
 i - 3 potions of magic
 j - 4 potions of attraction {unknown}
 q - 2 potions of lignification {unknown}
 s - 3 potions of degeneration {unknown}
 A - 2 potions of mutation {unknown}
 B - a potion of might {unknown}
 E - a potion of flight {unknown}
 L - a potion of cancellation {unknown}
 N - a potion of invisibility {unknown}


   Skills:
 + Level 2.9 Fighting
 + Level 4.1 Polearms
 + Level 4.2 Dodging
 + Level 5.1 Stealth
 - Level 4.0 Shields
 + Level 9.9 Spellcasting
 + Level 10.6 Necromancy
 * Level 1.2 Earth Magic
 - Level 4.0 Evocations


You had 10 spell levels left.
You knew the following spells:

 Your Spells              Type           Power      Damage    Failure   Level
a - Borgnjor's Vile Clut  Necr/Erth      14%        N/A       43%         5
b - Vampiric Draining     Necr           44%        2d9       1%          3
c - Death Channel         Necr           22%        N/A       36%         6
d - Necrotise             Necr           100%       1d9       1%          1
e - Animate Dead          Necr           44%        N/A       2%          4

Your spell library contained the following spells:

 Spells                   Type           Power      Damage    Failure   Level
 Agony                    Necr           44%        N/A       7%          5
 Sandblast                Erth           24%        2d8       12%         1
 Foxfire                  Conj/Fire      32%        2x1d5     21%         1
 Slow                     Hex            32%        N/A       21%         1
 Sting                    Tmut/Pois      32%        1d4       21%         1
 Passwall                 Tmut/Erth      8%         N/A       22%         2
 Anguish                  Hex/Necr       13%        N/A       22%         4
 Blink                    Tloc           16%        N/A       30%         2
 Ensorcelled Hibernation  Hex/Ice        16%        N/A       30%         2
 Poisonous Vapours        Pois/Air       16%        N/A       30%         2
 Stone Arrow              Conj/Erth      20%        3d8       41%         3
 Corpse Rot               Necr/Pois/Air  20%        N/A       41%         4
 Call Canine Familiar     Summ           8%         N/A       52%         3
 Lesser Beckoning         Tloc           8%         N/A       52%         3
 Portal Projectile        Hex/Tloc       16%        N/A       52%         3
 Swiftness                Air            8%         N/A       52%         3
 Tukima's Dance           Hex            8%         N/A       52%         3
 Leda's Liquefaction      Hex/Erth       5%         N/A       83%         4
 Simulacrum               Ice/Necr       13%        N/A       98%         6
 Blade Hands              Tmut           4%         N/A       99%         5
 Manifold Assault         Tloc           8%         N/A       99%         5
 Chain Lightning          Conj/Air       4%         3d5       100%        9
 Fire Storm               Conj/Fire      4%         8d1       100%        9
 Shatter                  Erth           6%         3d9*      100%        9


Dungeon Overview and Level Annotations

Branches:
Dungeon (10/15)            Temple (1/1) D:4
   Lair: D:8-11         Orc: D:9-12

Altars:
Ashenzari
Cheibriados
Dithmenos
Elyvilon
Fedhas
Hepliaklqana
Kikubaaqudgha
Makhleb
Nemelex Xobeh
Okawaru
Qazlal
Ru
Sif Muna
Trog
Uskayaw
Vehumet
Wu Jian
Xom
Yredelemnul
Zin
The Shining One

Shops:
D:10 [

Annotations:
Temple 2 transporters


Innate Abilities, Weirdness & Mutations

Your serpentine skin is tough. (AC +3)
You have supernaturally acute eyesight. (SInv)
Armour fits poorly on your strangely shaped body.
Your system is resistant to poisons. (rPois)
You cover ground very slowly.
You can spit poison.
You have a snake-like lower body.


Message History

You reach to attack!
You hit the death yak.
The death yak is lightly wounded.
Your gnoll zombie barely misses the death yak.
The death yak gores your gnoll zombie. x2
A death yak comes into view.
The death yak gores your spectral gnoll.
Your spectral gnoll hits the death yak but does no damage.
The death yak moves out of view.
Unknown command.
The death yak gores your gnoll zombie!!
Your gnoll zombie is destroyed!
A death yak comes into view.
The death yak barely misses your spectral gnoll.
The death yak gores your gnoll zombie!!
Your gnoll zombie is destroyed!
Your spectral gnoll hits the death yak but does no damage.
The death yak gores your spectral gnoll!
Your spectral gnoll is destroyed!
The death yak bellows!
Things that are here:
a +1 vorpal spear; a +0 scale mail
As you read the scroll of fear, it crumbles to dust.
You assume a fearsome visage.
The death yak looks frightened!
The death yak easily resists.
The death yak resists with some effort.
The death yak looks frightened! x2
The death yak resists with almost no effort.
The death yak looks frightened!
The death yak gores you!!
* * * LOW HITPOINT WARNING * * *
You block the death yak's attack.
As you read the scroll of fear, it crumbles to dust.
You assume a fearsome visage.
The death yak resists with almost no effort.
The death yak looks frightened!
The death yak resists with some effort.
The death yak looks frightened!
The death yak gores you but does no damage.
You feel yourself speed up.
You feel yourself speed up. The death yak gores you!
You die...
Kikubaaqudgha rasps: "You have failed me!
Welcome... death!"

#...# #...# ..
###...#######
..##########.......Z....
.................#######
.................#
........?........#
.......).).).....#
#...Y@...(.....#######
#....Y....####........
#..Y####### #....(...
#Y.. #........ #Y.
#........ #Y. #########
#. # #Y #


You could see 7 death yaks.

Vanquished Creatures
  Erolcha (D:10)
  2 deep trolls (D:9)
  Pikel (D:5)
  Maurice (D:8)
  Maggie (D:6)
  Psyche (D:8)
  Prince Ribbit (D:5)
  A hornet (D:10)
  2 wyverns
  A shadow (D:9)
  Grum (D:8)
  2 steam dragons
  2 water moccasins
  An acid dragon (D:9)
  An ice beast (D:5)
  5 orc warriors
  2 black bears (D:7)
  2 wolves
  A centaur (D:8)
  4 lemures
  2 kobold brigands
  7 scorpions
  2 bullfrogs
  A gnoll sergeant (D:10)
  13 wights
  6 killer bees (D:6)
  5 howler monkeys
  3 jellies
  2 hounds
  3 gnoll boudas
  5 orc priests
  Natasha (thrice) (D:2)
  9 iguanas
  9 orc wizards
  8 adders
  21 gnolls
  An ufetubus (D:6)
  A worm (D:2)
  26 orcs
  8 bats
  11 endoplasms
  4 giant cockroaches
  3 goblins
  9 hobgoblins
  22 kobolds
  4 quokkas
  8 ball pythons
  2 frilled lizards (D:1)
  4 rats
235 creatures vanquished.

Vanquished Creatures (collateral kills)
  An unseen horror (D:10)
  A wolf (D:8)
  A centaur (D:8)
  A kobold brigand (D:9)
  A gnoll sergeant (D:9)
  A howler monkey (D:8)
  A hound (D:4)
  9 gnolls
  3 dart slugs
  3 orcs
  2 hobgoblins (D:1)
  A kobold (D:9)
  A rat (D:2)
26 creatures vanquished.

Vanquished Creatures (others)
  An unseen horror zombie (D:10)
  4 gnoll zombies (D:10)
5 creatures vanquished.

Grand Total: 266 creatures vanquished

Notes
Turn   | Place    | Note
-------+----------+-------------------------------------------
     0 | D:1      | SnekMommy the Naga Necromancer began the quest for the Orb.
     0 | D:1      | Reached XP level 1. HP: 15/15 MP: 3/3
   425 | D:1      | Reached XP level 2. HP: 20/22 MP: 3/5
   790 | D:1      | Reached XP level 3. HP: 24/28 MP: 1/6
   997 | D:1      | Found a faded altar of an unknown god.
  1217 | D:2      | Identified the +3 robe of the Black Moon {rElec rF+ rCorr}
  1461 | D:2      | Reached XP level 4. HP: 36/36 MP: 4/8
  1507 | D:2      | Noticed Natasha
  1513 | D:2      | Killed Natasha
  1649 | D:2      | Reached skill level 5 in Necromancy
  1911 | D:2      | Reached XP level 5. HP: 42/42 MP: 10/10
  2022 | D:2      | Noticed Natasha
  2027 | D:2      | Killed Natasha
  2201 | D:2      | Noticed Natasha
  2219 | D:2      | Killed Natasha
  2511 | D:3      | Learned a level 3 spell: Vampiric Draining
  2585 | D:3      | You fall into a shaft and drop 1 floor!
  2585 | D:4      | Found a staircase to the Ecumenical Temple.
  2590 | Temple   | Entered the Ecumenical Temple
  2590 | Temple   | Found a transporter.
  2590 | Temple   | Found a transporter.
  2592 | Temple   | Found a transporter.
  2592 | Temple   | Found a transporter.
  2614 | Temple   | Became a worshipper of Kikubaaqudgha
  2762 | D:4      | Reached XP level 6. HP: 48/49 MP: 8/12
  2913 | D:4      | Identified the +0 leather armour "Baroinubri" {Contam Harm
                  | rF+ rCorr}
  2978 | D:3      | Reached skill level 1 in Evocations
  3517 | D:3      | Found a sacrificial altar of Ru.
  4092 | D:4      | Reached XP level 7. HP: 54/55 MP: 7/14
  4131 | D:4      | Reached skill level 6 in Necromancy
  4325 | D:4      | Reached skill level 5 in Spellcasting
  4372 | D:4      | Reached * piety under Kikubaaqudgha
  4372 | D:4      | Received a gift from Kikubaaqudgha
  4730 | D:4      | Found a snail-covered altar of Cheibriados.
  4730 | D:4      | Found a sparkling altar of Nemelex Xobeh.
  5046 | D:5      | Entered Level 5 of the Dungeon
  5046 | D:5      | Noticed Pikel
  5046 | D:5      | Noticed Prince Ribbit
  5441 | D:5      | Killed Prince Ribbit
  5442 | D:5      | Reached skill level 1 in Shields
  5442 | D:5      | Reached XP level 8. HP: 13/63 MP: 1/16
  5461 | D:5      | Reached skill level 1 in Fighting
  5930 | D:5      | Reached skill level 1 in Polearms
  6594 | D:5      | Reached skill level 7 in Necromancy
  7003 | D:5      | Killed Pikel
  7609 | D:6      | Reached XP level 9. HP: 59/70 MP: 2/18
  8373 | D:6      | Noticed Maggie
  8390 | D:6      | Killed Maggie
  8408 | D:6      | Reached skill level 8 in Necromancy
  8716 | D:6      | Reached ** piety under Kikubaaqudgha
  9720 | D:7      | Reached skill level 5 in Stealth
 10852 | D:6      | Reached XP level 10. HP: 51/69 MP: 21/21
 12637 | D:8      | Noticed Grum
 13147 | D:8      | Killed Grum
 13661 | D:8      | Noticed Maurice
 13673 | D:8      | Noticed Psyche
 13696 | D:8      | Killed Psyche
 13697 | D:8      | Reached *** piety under Kikubaaqudgha
 13697 | D:8      | Received a gift from Kikubaaqudgha
 13703 | D:8      | Reached skill level 9 in Necromancy
 13714 | D:8      | Killed Maurice
 13989 | D:8      | Learned a level 6 spell: Death Channel
 14767 | D:9      | Identified the +0 leather armour of Ittont {Fly rCorr}
 15078 | D:9      | Reached XP level 11. HP: 57/87 MP: 3/24
 15090 | D:9      | Got Starting Hermeneutics
 15248 | D:9      | Noticed a deep troll
 15249 | D:9      | Noticed a deep troll
 15263 | D:9      | Killed a deep troll
 15264 | D:9      | Reached skill level 10 in Necromancy
 15266 | D:9      | Killed a deep troll
 15570 | D:9      | Found the necklace of Bloodlust {*Rage Will++ Int-3 Slay+6}
 15728 | D:9      | Learned a level 5 spell: Borgnjor's Vile Clutch
 15829 | D:10     | Entered Level 10 of the Dungeon
 15922 | D:10     | Learned a level 4 spell: Animate Dead
 15933 | D:10     | Found Borizock's Armour Emporium.
 16092 | D:10     | Identified the +5 ring mail "Miez" {Dex+5}
 16144 | D:10     | Noticed Erolcha
 16153 | D:10     | Killed Erolcha
 16154 | D:10     | Reached skill level 1 in Earth Magic
 16165 | D:10     | Reached **** piety under Kikubaaqudgha
 16170 | D:10     | Noticed a death yak
 16173 | D:10     | Noticed a death yak
 16174 | D:10     | Noticed a death yak
 16174 | D:10     | Noticed a death yak
 16175 | D:10     | Noticed a death yak
 16175 | D:10     | Noticed a death yak
 16176 | D:10     | Noticed a death yak
 16177 | D:10     | Noticed a death yak
 16180 | D:10     | Slain by a death yak

Illustrated notes

Levels and vault maps discovered:
D:1:      minmay_arrival_shattered_statue, layout_rooms,
          hellmonk_ecumenical_altar_pennies_from_heaven,
          amcnicky_mini_pool_small, minmay_3d_cube
D:2:      layout_basic, uniq_natasha
D:3:      layout_basic, mainiacjoe_overflow_alcove_1, minmay_stone_trees_small,
          fountainhead
D:4:      minmay_chambers_of_threes, layout_gridville,
          grunt_temple_overflow_open, lemuel_temple_firewalk_a
D:5:      layout_layer_cave, minmay_holes, uniq_pikel, uniq_prince_ribbit1
D:6:      layout_basic, uniq_maggie
D:7:      mumra_celtic_spiral_tile, layout_rooms
D:8:      layout_loops_ring, kennysheep_nub, roderic_roman_lattice, uniq_grum,
          uniq_maurice, uniq_psyche
D:9:      layout_cross, hellmonk_guarded_unrand_vitality_bloodlust
D:10:     lemuel_castle_with_subvaults [lemuel_castle_interior_carwin_3],
          layout_irregular_city, dpeg_lair_monsters, serial_shops,
          nicolae_square_shop, uniq_erolcha
Temple:   hellmonk_temple_divided_pantheon

Skill      XL: |  1  2  3  4  5  6  7  8  9 10 11 |
---------------+----------------------------------+-----
Spellcasting   | 3 4 5 6 7 9 |  9.9
Necromancy     | 5 6 7 8 9 10 | 10.6
Evocations     | 1 2 3 4 |  4.0
Dodging        | 2 3 4 |  4.2
Shields        | 1 3 4 |  4.0
Fighting       | 1 2 |  2.9
Polearms       | 2 3 4 |  4.1
Stealth        | 4 5 |  5.1
Earth Magic    | 1 |  1.2

Action                   |  1- 3 |  4- 6 |  7- 9 | 10-12 || total
-------------------------+-------+-------+-------+-------++-------
Melee: Spear             |    16 |    38 |   301 |   163 ||   518
       Halberd           |       |       |       |    16 ||    16
 Cast: Necrotise         |    58 |   105 |   216 |   215 ||   594
       Vampiric Draining |       |       |    12 |     8 ||    20
       Death Channel     |       |       |       |     9 ||     9
       Animate Dead      |       |       |       |     2 ||     2
 Abil: Spit Poison       |     2 |     1 |       |       ||     3
Evoke: Wand              |       |     1 |    24 |     8 ||    33
  Use: Scroll            |       |       |     5 |     4 ||     9
       Potion            |       |       |       |     1 ||     1
 Stab: Sleeping          |       |     2 |     1 |       ||     3
       Invisible         |       |       |     7 |       ||     7
       Paralysed         |       |       |     3 |       ||     3
       Distracted        |       |       |     1 |     1 ||     2
Armor: Robe              |     6 |    38 |   138 |   130 ||   312
Dodge: Dodged            |    11 |    55 |   162 |   118 ||   346
Block: Kite shield       |       |    28 |   246 |   189 ||   463

Table legend: (Time is in decaauts)
 A = Elapsed time spent in this place.
 B = Non-inter-level travel time spent in this place.
 C = Inter-level travel time spent in this place.
 D = Time resting spent in this place.
 E = Time spent auto-exploring this place.
 F = Levels seen in this place.
 G = Mean time per level.
                   A        B        C        D        E       F      G
               +--------+--------+--------+--------+--------+-----+--------+
         Total |  18641 |  18452 |    189 |   6283 |   9298 |  11 | 1694.6 |
       Dungeon |  18583 |  18394 |    189 |   6283 |   9296 |  10 | 1858.3 |
        Temple |     57 |     57 |      0 |      0 |      1 |   1 |   57.0 |
               +--------+--------+--------+--------+--------+-----+--------+

Top non-repeatable levels by time:
     D:6: 3523 daAuts
     D:4: 2828 daAuts
     D:7: 2150 daAuts
     D:8: 2118 daAuts
     D:5: 2056 daAuts
     D:9: 1596 daAuts
     D:2: 1461 daAuts
     D:1: 1362 daAuts
     D:3: 1065 daAuts
    D:10: 420 daAuts
  Temple: 57 daAuts
